 Dungeon Crawl Stone Soup version 0.28-a0-687-gb91baff9cc (webtiles) character file.

Game seed: 7828005721738878581

16 mordus the Shield-Bearer (level 2, -16/24 HPs)
             Began as a Formicid Fighter on Oct 19, 2021.
             Demolished by a kobold (19 damage)
             ... on level 2 of the Dungeon.
             The game lasted 00:00:40 (997 turns).

mordus the Shield-Bearer (Formicid Fighter)          Turns: 997, Time: 00:00:41

Health: -16/24     AC:  6    Str: 20    XL:     2   Next: 75%
Magic:  2/2        EV:  8    Int:  7    God:
Gold:   80         SH:  8    Dex: 10    Spells: 1/1 levels left

rFire   . . .      SeeInvis +   a - +0 flail
rCold   + . .      Faith    .   e - +0 kite shield
rNeg    . . .      Spirit   .   g - +0 scale mail {rC+}
rPois   .          Reflect  .   (helmet unavailable)
rElec   .          Harm     .   (no cloak)
rCorr   .          Rampage  .   (no gloves)
Will    .....                   (no boots)
Stlth   ..........              (no amulet)
HPRegen 0.08/turn               (no ring)
MPRegen 0.08/turn               (no ring)

@: no status effects
A: permanent stasis, dig shafts and tunnels, antennae 3, four strong arms
a: Dig, Shaft Self


You were on level 2 of the Dungeon.
You visited 1 branch of the dungeon, and saw 2 of its levels.

You collected 80 gold pieces.

Inventory:

Hand Weapons
 a - a +0 flail (weapon)
Armour
 b - a +0 scale mail
 c - a +0 buckler
 e - a +0 kite shield (worn)
 g - a +0 scale mail of cold resistance (worn)
Scrolls
 f - a scroll of silence {unknown}
Potions
 d - a potion of might
 h - a potion of resistance {unknown}


   Skills:
 - Level 3.2 Fighting
 * Level 2.6 Maces & Flails
 + Level 3.5 Armour
 + Level 3.9 Shields


You had one spell level left.
You didn't know any spells.
Your spell library was empty.

Dungeon Overview and Level Annotations

Branches:
Dungeon (2/15)

Altars:


Innate Abilities, Weirdness & Mutations

You cannot be hasted, slowed, berserked, paralysed or teleported.
You can dig through walls and to a lower floor.
You have a pair of large antennae on your head. (SInv)
Your four strong arms can wield two-handed weapons with a shield.


Message History

There is an open door here.
There is a stone staircase leading down here.
You climb downwards.
There is a stone staircase leading up here.
Sorry, I don't know how to get there.
You sense a monster nearby.
No target in view!
No target in view!
You now have 80 gold pieces (gained 3).
You sense a monster nearby.
No target in view!
You sense a monster nearby.
No target in view!
You sense a monster nearby.
No target in view!
Key pressed, stopping explore.
No target in view!
No target in view!
A kobold comes into view.
It is wielding a +0 whip of electrocution.
Found a stone staircase leading down.
The kobold shouts!
A giant cockroach comes into view.
You closely miss the kobold. The giant cockroach barely misses you.
The kobold closely misses you.
There are monsters nearby!
You barely miss the kobold.
The giant cockroach bites you but does no damage.
You block the kobold's attack.
The giant cockroach bites you but does no damage.
There are monsters nearby!
You hit the kobold but do no damage.
The kobold hits you with a +0 whip of electrocution.
You are electrocuted!!
Ouch! That really hurt!
* * * LOW HITPOINT WARNING * * *
The giant cockroach bites you.
* * * LOW HITPOINT WARNING * * *
The kobold hits you but does no damage.
You are electrocuted!!
Ouch! That really hurt!
You die...

#......#
#......# .#
######.# .#
#.# .#
#.##>##
#.#...##
#.#....#
##.#K.#
#..@B.#
........##.#
######.## #
#. #. #. .#
#


You could see a giant cockroach and a kobold.

Vanquished Creatures
  A dart slug (D:1)
  2 goblins (D:1)
  3 hobgoblins (D:1)
  A quokka (D:1)
  2 ball pythons (D:1)
  A frilled lizard (D:1)
  2 kobolds (D:1)
  2 rats (D:1)
14 creatures vanquished.

Notes
Turn   | Place    | Note
-------+----------+-------------------------------------------
     0 | D:1      | mordus the Formicid Fighter began the quest for the Orb.
     0 | D:1      | Reached XP level 1. HP: 18/18 MP: 1/1
    91 | D:1      | Reached XP level 2. HP: 19/24 MP: 2/2
   997 | D:2      | Demolished by a kobold

Illustrated notes

Levels and vault maps discovered:
D:1:      minmay_arrival_four_loops, layout_basic, nrook_mini_backslash
D:2:      layout_loops_ring, shapermc_ecumenical_altar_totnotflames,
          uniq_crazy_yiuf_cottage

Action                   || total
-------------------------++-------
Melee: Flail             ||    36
 Abil: Dig               ||     1
Armor: Scale mail        ||    15
Dodge: Dodged            ||    18
Block: Kite shield       ||     7
       Buckler           ||     1

Table legend: (Time is in decaauts)
 A = Elapsed time spent in this place.
 B = Non-inter-level travel time spent in this place.
 C = Inter-level travel time spent in this place.
 D = Time resting spent in this place.
 E = Time spent auto-exploring this place.
 F = Levels seen in this place.
 G = Mean time per level.
                   A        B        C        D        E       F      G
               +--------+--------+--------+--------+--------+-----+--------+
         Total |   1011 |   1005 |      6 |      0 |    821 |   2 |  505.5 |
       Dungeon |   1011 |   1005 |      6 |      0 |    821 |   2 |  505.5 |
               +--------+--------+--------+--------+--------+-----+--------+

Top non-repeatable levels by time:
     D:1: 955 daAuts
     D:2: 55 daAuts
